 Dungeon Crawl Stone Soup version 0.31-a0-1529-g7bd419a0e5 (webtiles) character file.

Game seed: 1304914565975827918

41 alsoq the Chopper (level 3, 0/29 HPs)
             Began as a Human Berserker on Dec 31, 2023.
             Was a Follower of Trog.
             Incinerated by a bombardier beetle (3 damage)
             ... with a burning spray
             ... on level 3 of the Dungeon.
             The game lasted 00:40:51 (1836 turns).

alsoq the Chopper (Human Berserker)                 Turns: 1836, Time: 00:40:52

Health: 0/29       AC: 14    Str: 19    XL:     3   Next: 52%
Magic:  3/3        EV: 10    Int:  7    God:    Trog [*.....]
Gold:   52         SH:  0    Dex: 12    Spells: 2/2 levels left

rFire   . . .        c - +2 short sword (protect)
rCold   . . .        (no shield)
rNeg    . . .        q - +0 scale mail
rPois   .            (no helmet)
rElec   .            (no cloak)
rCorr   .            h - +0 pair of gloves
SInv    .            (no boots)
Will    .....        (no amulet) Stlth
                     (no ring)
HPRegen 0.24/turn    (no ring)
MPRegen 0.08/turn

%: no passive effects
@: on fire, under a protective aura, glowing
A: explore regen
a: Renounce Religion, Berserk


You were on level 3 of the Dungeon.
You worshipped Trog.
Trog was aware of your devotion.
You visited 1 branch of the dungeon, and saw 3 of its levels.

You collected 52 gold pieces.

Inventory:

Hand Weapons
 a - a +0 hand axe
 c - a +2 short sword of protection (weapon)
 e - a +0 dagger
 o - a +0 dagger
Missiles
 f - 6 poisoned darts
 l - 6 boomerangs (quivered)
Armour
 b - a +0 animal skin
 d - a +0 ring mail
 h - a +0 pair of gloves (worn)
 m - a +0 ring mail
 q - a +0 scale mail (worn)
Wands
 i - a wand of digging (1)
Scrolls
 g - a scroll of poison
Potions
 j - a potion of degeneration
 k - a potion of curing
 n - a potion of brilliance {unknown}
 p - a potion of ambrosia {unknown}


   Skills:
 + Level 3.2 Fighting
 + Level 0.2 Short Blades
 + Level 3.8 Axes
 + Level 2.2 Armour
 + Level 2.1 Dodging
 + Level 0.4 Stealth


You had 2 spell levels left.
You didn't know any spells.
Your spell library contained the following spells:

 Spells                   Type           Power      Damage    Failure   Level
 Apportation              Tloc           0%         N/A       80%         1
 Jinxbite                 Hex            0%         N/A       91%         2
 Alistair's Intoxication  Alch           0%         N/A       100%        5


Dungeon Overview and Level Annotations

Branches:
Dungeon (3/15)

Altars:


Innate Abilities, Weirdness & Mutations

You regain HP and MP as you explore.


Message History

A bombardier beetle comes into view.
You hit the bombardier beetle.
Your weapon exudes an aura of protection.
You punch the bombardier beetle.
The bombardier beetle is lightly wounded.
You hit the bombardier beetle but do no damage.
The bombardier beetle is lightly wounded.
The bombardier beetle sprays incendiary fluid at you.
The burning spray hits you.
You are covered in liquid fire!
You closely miss the bombardier beetle.
The bombardier beetle is lightly wounded.
The liquid fire burns you!
You hit the bombardier beetle.
The bombardier beetle is moderately wounded.
The liquid fire burns you!
The bombardier beetle barely misses you.
You hit the bombardier beetle.
The bombardier beetle is moderately wounded.
The liquid fire burns you!
The bombardier beetle closely misses you.
You hit the bombardier beetle but do no damage.
The bombardier beetle is moderately wounded.
The liquid fire burns you!
You barely miss the bombardier beetle.
The bombardier beetle is moderately wounded.
The liquid fire burns you!
* * * LOW HITPOINT WARNING * * *
The bombardier beetle bites you but does no damage.
You hit the bombardier beetle but do no damage.
The bombardier beetle is moderately wounded.
The liquid fire burns you!
* * * LOW HITPOINT WARNING * * *
You don't know any spells.
Aiming: Dig
Press: ? - help, Shift-Dir - straight line, f - bombardier beetle
Aim: a bombardier beetle (moderately wounded, 100% to hit)
The rock shatters into small pieces.
The liquid fire burns you!
You die...

## ### .#... .#.# #
... ...
#############.#...#
##..........@B......
#>.....#######.##..#
#..###..# .#
##...#..... ..
#...#..### .#.
#.#.#..# ....
#...#..## .. ..
#........ .# ###
#####.#.....#


You could see a bombardier beetle.

Vanquished Creatures
  An orc (D:3)
  2 bats (D:1)
  7 endoplasms
  4 goblins
  3 hobgoblins
  4 quokkas
  7 ball pythons
  A frilled lizard (D:2)
  3 kobolds (D:2)
  2 rats
34 creatures vanquished.

Notes
Turn   | Place    | Note
-------+----------+-------------------------------------------
     0 | D:1      | alsoq the Human Berserker began the quest for the Orb.
     0 | D:1      | Reached XP level 1. HP: 18/18 MP: 1/1
    81 | D:1      | Found a faded altar of an unknown god.
    81 | D:1      | Noticed an eye of devastation
    81 | D:1      | Noticed a great orb of eyes
    81 | D:1      | Noticed a great orb of eyes
    81 | D:1      | Noticed an eye of devastation
   232 | D:1      | Reached XP level 2. HP: 21/24 MP: 2/2
   905 | D:2      | Reached XP level 3. HP: 16/29 MP: 3/3
  1836 | D:3      | Incinerated by a bombardier beetle

Illustrated notes

Levels and vault maps discovered:
D:1:      dpeg_arrival_boxorama, layout_basic,
          hellmonk_ecumenical_altar_watching_god, minmay_misc_feat_plants,
          minmay_misc_feat_iff
D:2:      layout_basic, corexii_corridor_pit, hangedman_decor_growths,
          grunt_decor_clamped
D:3:      layout_basic, gammafunk_ghost_split

Action                     || total
---------------------------++-------
  Melee: Short sword       ||   111
         Hand axe          ||     7
         Punch             ||     4
  Evoke: Wand              ||     1
    Use: Scroll            ||     5
 Armour: Skin              ||     8
         Animal skin       ||     2
         Ring mail         ||    42
         Scale mail        ||     2
  Dodge: Dodged            ||    78

Table legend: (Time is in decaauts)
 A = Elapsed time spent in this place.
 B = Non-inter-level travel time spent in this place.
 C = Inter-level travel time spent in this place.
 D = Time resting spent in this place.
 E = Time spent auto-exploring this place.
 F = Levels seen in this place.
 G = Mean time per level.
                   A        B        C        D        E       F      G
               +--------+--------+--------+--------+--------+-----+--------+
         Total |   1828 |   1824 |      4 |      0 |     48 |   3 |  609.3 |
       Dungeon |   1828 |   1824 |      4 |      0 |     48 |   3 |  609.3 |
               +--------+--------+--------+--------+--------+-----+--------+

Top non-repeatable levels by time:
     D:1: 807 daAuts
     D:2: 801 daAuts
     D:3: 218 daAuts
